 Dungeon Crawl Stone Soup version 0.28-a0-620-g539b0f7ac7 (webtiles) character file.

Game seed: 4165204519505873721

86 siradein the Insei (level 4, -2/32 (33) HPs)
             Began as a Demonspawn Transmuter on Oct 7, 2021.
             Slain by a kobold brigand (8 damage)
             ... in a sewer.
             The game lasted 00:03:35 (2115 turns).

siradein the Insei (Demonspawn Transmuter)          Turns: 2115, Time: 00:03:37

HP:   -2/32 (33)    AC:  3    Str: 10 (11) XL:     4   Next: 26%
MP:   1/7           EV: 12    Int: 13 (15) God:
Gold: 73            SH:  0    Dex: 11 (13) Spells: 2/8 levels left

rFire   . . .      SeeInvis .     - Unarmed
rCold   . . .      Faith    .   (no shield)
rNeg    . . .      Spirit   .   a - +0 robe
rPois   .          Reflect  .   (helmet currently unavailable)
rElec   .          Harm     .   j - +0 cloak
rCorr   .          Rampage  .   (no gloves)
Will    .....                   (boots currently unavailable)
Stlth   +.........              (no amulet)
HPRegen 0.10/turn               (no ring)
MPRegen 0.10/turn               (no ring)

@: lethally poisoned (-2 -> -7), appendages (expiring), wereblooded, lightly
drained, very slow
A: horns 2, talons 2, spiny 1
a: End Transformation


You were in a sewer.
You had temporarily grown beastly horns and talons.
You visited 1 branch of the dungeon, and saw 3 of its levels.
You also visited: Sewer.

You collected 73 gold pieces.

Inventory:

Missiles
 m - 4 javelins
Armour
 a - a +0 robe (worn)
 j - a +0 cloak (worn)
Scrolls
 c - a scroll of acquirement
 g - a scroll of amnesia
 h - a scroll of teleportation
Potions
 e - a potion of curing {unknown}
 f - a potion of invisibility {unknown}
 i - a potion of ambrosia {unknown}
 k - a potion of attraction {unknown}
 n - a potion of haste {unknown}


   Skills:
 + Level 2.0 Fighting
 + Level 2.3 Dodging
 + Level 3.1 Unarmed Combat
 + Level 2.5 Spellcasting
 + Level 2.3 Transmutations


You had 2 spell levels left.
You knew the following spells:

 Your Spells              Type           Power      Damage    Failure   Level
a - Beastly Appendage     Tmut           14%        N/A       9%          1
b - Wereblood             Tmut           7%         N/A       14%         2
c - Spider Form           Tmut/Pois      2%         N/A       41%         3

Your spell library contained the following spells:

 Spells                   Type           Power      Damage    Failure   Level
 Shock                    Conj/Air       4%         1d3       24%         1
 Swiftness                Air            1%         N/A       58%         3
 Ice Form                 Ice/Tmut       4%         N/A       83%         4
 Airstrike                Air            0%         N/A       94%         4
 Animate Dead             Necr           0%         N/A       94%         4
 Borgnjor's Vile Clutch   Necr/Erth      0%         N/A       100%        5
 Death Channel            Necr           0%         N/A       100%        6
 Chain Lightning          Conj/Air       0%         2d1       100%        9
 Fire Storm               Conj/Fire      0%         6d1       100%        9
 Shatter                  Erth           0%         3d5*      100%        9


Dungeon Overview and Level Annotations

Branches:
Dungeon (3/15)              Sewer (1/1)

Altars:


Innate Abilities, Weirdness & Mutations

You have temporarily grown beastly horns and talons.
You are partially covered in sharp spines.


Message History

You hit the kobold.
You feel a bit better.
You kill the kobold!
You hear a splash. x2
Your transformation is almost over.
You feel sick.
The kobold splashes around in the water.
You hit the kobold.
You feel a bit better.
You kill the kobold!
You hear a splash. x2
You feel sick.
The kobold throws a poisoned dart.
The poisoned dart hits you!
You are more poisoned.
You enter the shallow water.
Moving in this stuff is going to be slow.
You feel very sick.
The kobold brigand splashes around in the water.
The kobold brigand hits you but does no damage.
Items here: ( ) ††.
You hit the kobold brigand.
The kobold brigand is lightly wounded.
You feel sick. The kobold is struck by your spines.
The kobold hits you with a +0 short sword.
The kobold brigand splashes around in the water.
You are too injured to fight recklessly!
You are too injured to fight recklessly!
Unknown command.
Your unstable footing causes you to fumble your attack.
You feel sick. The kobold is struck by your spines.
The kobold completely misses you. The kobold hits you but does no damage.
The kobold brigand is struck by your spines.
The kobold brigand hits you with a +0 dagger.
* * * LOW HITPOINT WARNING * * *
Your magical contamination has completely faded away.
It was a potion of degeneration.
There was something very wrong with that liquid.
You feel weakened.
You feel dopey.
You feel clumsy.
* * * LOW HITPOINT WARNING * * *
You feel sick. The kobold barely misses you.
The kobold splashes around in the water.
The kobold brigand hits you with a +0 dagger!
You die...

###.≈≈≈.# #.≈≈≈.#
##≈≈≈≈≈##
#..≈≈≈.≈################
#.≈≈≈≈≈≈≈≈≈≈≈≈≈≈≈≈≈≈≈≈≈≈
#.≈≈≈≈≈.################
#.≈≈≈≈.≈# #.≈≈≈≈).#
#.≈≈≈≈K@# #.≈≈≈≈KK#
#≈≈≈≈≈≈.# #.≈≈≈≈≈≈#
#.......# ####.#### ..
...


You could see a kobold brigand and 2 kobolds.

Vanquished Creatures
  An adder (D:3)
  3 river rats
  An orc (D:2)
  An endoplasm (D:3)
  2 giant cockroaches (D:3)
  3 goblins
  3 hobgoblins
  4 jackals
  9 kobolds
  3 quokkas
  4 ball pythons
  4 bats
  A frilled lizard (D:1)
  10 rats
49 creatures vanquished.

Notes
Turn   | Place    | Note
-------+----------+-------------------------------------------
     0 | D:1      | siradein the Demonspawn Transmuter began the quest for the
                  | Orb.
     0 | D:1      | Reached XP level 1. HP: 15/15 MP: 3/3
   705 | D:1      | Gained mutation: You are partially covered in sharp spines.
                  | [demonic ancestry]
   705 | D:1      | Reached XP level 2. HP: 19/21 MP: 3/5
   708 | D:1      | Learned a level 2 spell: Wereblood
  1369 | D:2      | Found a faded altar of an unknown god.
  1820 | D:3      | Identified a scroll of acquirement
  1863 | D:3      | Reached XP level 3. HP: 25/26 MP: 4/6
  1867 | D:3      | Learned a level 3 spell: Spider Form
  1917 | D:3      | Reached skill level 3 in Unarmed Combat
  1976 | D:3      | Found a glowing drain.
  1988 | Sewer    | Entered a sewer
  1999 | Sewer    | Reached XP level 4. HP: 23/33 MP: 2/7
  2097 | Sewer    | Noticed a kobold brigand
  2115 | Sewer    | Slain by a kobold brigand

Illustrated notes

Levels and vault maps discovered:
D:1:      saegor_arrival_simple_a, layout_basic
D:2:      minmay_chambers_of_ones, layout_loops_ring,
          ebering_ecumenical_altar_mist
D:3:      layout_basic, portal_sewer_entry_e, minmay_puff, uniq_terence
Sewer:    sewer_kobolds

Skill      XL: |  1  2  3  4 |
---------------+-------------+-----
Dodging        | 2 |  2.3
Transmutations | 2 |  2.3
Unarmed Combat | 3 |  3.1
Fighting       | 2 |  2.0
Spellcasting   | |  2.5

Action                   |  1- 3 |  4- 6 || total
-------------------------+-------+-------++-------
Melee: Unarmed           |    77 |    16 ||    93
       Headbutt          |    10 |     2 ||    12
       Kick              |    11 |     4 ||    15
 Cast: Beastly Appendage |    28 |     1 ||    29
       Wereblood         |     3 |     1 ||     4
  Use: Scroll            |     4 |       ||     4
       Potion            |       |     1 ||     1
 Stab: Sleeping          |     1 |       ||     1
Armor: Robe              |    19 |     5 ||    24
Dodge: Dodged            |    45 |     9 ||    54

Table legend: (Time is in decaauts)
 A = Elapsed time spent in this place.
 B = Non-inter-level travel time spent in this place.
 C = Inter-level travel time spent in this place.
 D = Time resting spent in this place.
 E = Time spent auto-exploring this place.
 F = Levels seen in this place.
 G = Mean time per level.
                   A        B        C        D        E       F      G
               +--------+--------+--------+--------+--------+-----+--------+
         Total |   2127 |   2062 |     65 |      5 |   1672 |   4 |  531.8 |
       Dungeon |   1986 |   1921 |     65 |      0 |   1577 |   3 |  662.0 |
         Sewer |    141 |    141 |      0 |      5 |     95 |   1 |  141.0 |
               +--------+--------+--------+--------+--------+-----+--------+

Top non-repeatable levels by time:
     D:2: 1065 daAuts
     D:1: 751 daAuts
     D:3: 169 daAuts
   Sewer: 141 daAuts
